 Dungeon Crawl Stone Soup version 0.28-a0-691-gad6df49e81 (webtiles) character file.

Game seed: 11459521334555774620

132 spiderkeys the Skirmisher (level 4, -5/45 HPs)
             Began as a Troll Abyssal Knight on Oct 21, 2021.
             Was a Follower of Lugonu.
             Slain by a large abomination (34 damage)
             ... on level 2 of the Abyss.
             The game lasted 00:00:40 (141 turns).

spiderkeys the Skirmisher (Troll Abyssal Knight)     Turns: 141, Time: 00:00:40

Health: -5/45      AC:  4    Str: 22    XL:     4   Next: 92%
Magic:  1/4        EV: 10    Int:  6    God:    Lugonu [*.....]
Gold:   69         SH:  0    Dex: 10    Spells: 3/3 levels left

rFire   . . .      SeeInvis .     - Unarmed
rCold   . . .      Faith    .   (no shield)
rNeg    . . .      Spirit   .   a - +0 robe
rPois   .          Reflect  .   (helmet restricted)
rElec   .          Harm     .   (no cloak)
rCorr   .          Rampage  .   (gloves unavailable)
Will    .....                   (boots unavailable)
Stlth   +.........              (no amulet)
HPRegen 1.15/turn               (no ring)
MPRegen 0.09/turn               (no ring)

@: no status effects
A: large, unfitting armour, claws 3, regeneration 1, shaggy fur 1, tough skin 1,
low mp 1
a: Renounce Religion, Depart the Abyss


You were on level 2 of the Abyss.
You worshipped Lugonu.
Lugonu was aware of your devotion.
You visited 0 branches of the dungeon, and saw 0 of its levels.
You visited the Abyss 1 time.

You collected 69 gold pieces.


Innate Abilities, Weirdness & Mutations

You are too large for most types of armour.
You have claws for hands.
Your natural rate of healing is unusually fast.
You are covered in fur. (AC +1)
You have tough skin. (AC +1)
Your magical capacity is low. (-10% MP)


   Skills:
 + Level 3.1 Fighting
 + Level 2.7 Dodging
 + Level 3.0 Unarmed Combat
 + Level 2.6 Invocations


You had 3 spell levels left.
You didn't know any spells.
Your spell library was empty.

Inventory:

Armour
 a - a +0 robe (worn)

Dungeon Overview and Level Annotations

Branches:
Dungeon (0/15)

Altars:

# .# ##. ... ..
..# #.# #..# ..
#... ##.#
.##..###....
#.X##.....#
#.#@#....#. ..
#..x#. .4#.# ..
####..#...# #..
#..#...###..
#..#
####.##...?. ..
#. ###.... #.#.
..
#...##.##...#..#
..##...
..#..#....# #..
#...#....#.##.#


You could see a large abomination and a small abomination.


Message History

🤖 Initializing magus.rc ... ✅ Successfully initialized magus.rc [v1.9.10] Welcome, spiderkeys the Troll Abyssal Knight.
The heart of this dungeon contains the astounding artefact, the Orb of Zot.
Lugonu says: Depart the Abyss and spread corruption, my servant! (use the ability menu to exit the Abyss) Press ? for a list of commands and other information.
Found a scroll labelled FOAB NEOXTEH.
Found two corrupted altars of Lugonu.
b - a scroll labelled FOAB NEOXTEH
Found a gateway leading out of the Abyss.
You enter the shallow water.
Moving in this stuff is going to be slow.
There is a gateway leading out of the Abyss here.
Found a gateway leading out of the Abyss.
Found a gateway leading deeper into the Abyss.
There is a gateway leading deeper into the Abyss here.
You plunge deeper into the Abyss.
c - a scroll labelled CUODUFELUW You now have 48 gold pieces.
You now have 69 gold pieces (gained 21).
A neqoxec comes into view.
A large abomination comes into view.
As you read the scroll labelled FOAB NEOXTEH, it crumbles to dust.
You feel momentarily disoriented.
It was a scroll of magic mapping.
The neqoxec shouts!
The neqoxec gestures at you.
Strange energies course through your body.
You feel less energetic. 😎 MP[-1]
As you read the scroll labelled CUODUFELUW, it crumbles to dust.
You speak a Word of immense power!
The neqoxec convulses!
The large abomination convulses!
It was a scroll of holy word.
The large abomination is lost in a daze.
The neqoxec gestures at you.
Something tries to feed on your intellect!
You closely miss the neqoxec.
A small abomination comes into view.
The neqoxec hits you!
Ouch! That really hurt!
* * * LOW HITPOINT WARNING * * *
😨 HP[-13]
You take 13 damage, and now have 9/22 hp.
MASSIVE DAMAGE!! (PAUSE)
You claw the neqoxec!
The neqoxec is lost in a daze. 😨 HP[+1]
You claw the neqoxec!
You kill the neqoxec!
Your Fighting skill increases to level 3!
Your Dodging skill increases to level 2!
Your Unarmed Combat skill increases to level 3!
Your Invocations skill increases to level 2!
You have reached level 2!
You have reached level 3!
Your experience leads to an increase in your attributes!
Increase (S)trength, (I)ntelligence, or (D)exterity?
You feel stronger. x2
You have reached level 4! 😨 HP[+12]
You now have 45 max hp (+23).
You regained 12 hp, and now have 22/45 hp.
The substance of the Abyss twists violently, and a gateway leading out appears!
There is a gateway leading out of the Abyss here. 😮 HP[+1]
The large abomination is lost in a daze.
You see here a +0 plate armour. 😮 HP[+2]
You regained 2 hp, and now have 25/45 hp. 😮 HP[+1] 😮 HP[+1] 😮 HP[+1] 😮 HP[+1] 😮 HP[+1]
A chaos spawn comes into view. 😮 HP[+2]
You regained 2 hp, and now have 32/45 hp.
The chaos spawn bleats! 😮 HP[+1] 😕 HP[+1] 😕 HP[+1] 😕 HP[+1] MP[+1]
You completely miss the small abomination.
The small abomination hits you! 😮 HP[-8]
You take 8 damage, and now have 28/45 hp.
A large abomination comes into view.
The large abomination hits you!!
Ouch! That really hurt!
You die...

Skill      XL: |  1 |
---------------+----+-----
Fighting       | 3 |  3.1
Dodging        | 2 |  2.7
Unarmed Combat | 3 |  3.0
Invocations    | 2 |  2.6

Action                   |  1- 3 |  4- 6 || total
-------------------------+-------+-------++-------
Melee: Unarmed           |     3 |     1 ||     4
  Use: Scroll            |     2 |       ||     2

Levels and vault maps discovered:
Abyss:2:  base: Temple, serial_sigils_hangedman_snap

Notes
Turn   | Place    | Note
-------+----------+-------------------------------------------
     0 | Abyss:1  | spiderkeys the Troll Abyssal Knight began the quest for the
                  | Orb.
     0 | Abyss:1  | Reached XP level 1. HP: 22/22 MP: 1/1
     0 | Abyss:1  | magus.rc [v1.9.10]
   116 | Abyss:2  | Noticed a neqoxec
   120 | Abyss:2  | Noticed a large abomination
   121 | Abyss:2  | Gained mutation: Your magical capacity is low. (-10% MP) [a
                  | neqoxec]
   125 | Abyss:2  | Noticed a small abomination
   127 | Abyss:2  | Killed a neqoxec
   128 | Abyss:2  | Reached skill level 3 in Fighting
   128 | Abyss:2  | Reached skill level 2 in Dodging
   128 | Abyss:2  | Reached skill level 3 in Unarmed Combat
   128 | Abyss:2  | Reached skill level 2 in Invocations
   128 | Abyss:2  | Reached XP level 2. HP: 15/31 MP: 0/2
   128 | Abyss:2  | Reached XP level 3. HP: 18/37 MP: 0/3
   128 | Abyss:2  | Reached XP level 4. HP: 22/45 MP: 0/4
   135 | Abyss:2  | Noticed a chaos spawn
   141 | Abyss:2  | Noticed a large abomination
   141 | Abyss:2  | Slain by a large abomination

Vanquished Creatures
  A neqoxec (Abyss:2)
1 creature vanquished.

Table legend:
 A = Non-vault XP
 B = Vault XP
 C = Vault XP percentage of total XP
 D = Non-vault monster count
 E = Vault monster count
 F = Vault count percentage of total count
                 A         B        C        D         E       F
            +---------+---------+-------+---------+---------+-------
      Total |     189 |       0 |   0.0 |       1 |       0 |   0.0
            +---------+---------+-------+---------+---------+-------
    Abyss:2 |     189 |       0 |   0.0 |       1 |       0 |   0.0
            +---------+---------+-------+---------+---------+-------

Illustrated notes

Table legend:
 A = Kills in this place as a percentage of kills in entire the game.
 B = Kills by you in this place as a percentage of kills by you in the entire game.
 C = Kills by friends in this place as a percentage of kills by friends in the entire game.
 D = Other kills in this place as a percentage of other kills in the entire game.
 E = Experience gained in this place as a percentage of experience gained in the entire game.
 F = Experience gained in this place divided by the number of levels of this place that you have seen.
                   A       B       C       D       E      F
               +-------+-------+-------+-------+-------+----------------------
         Total | 100.0 | 100.0 |   N/A |   N/A | 100.0 |  94.5
         Abyss | 100.0 | 100.0 |   N/A |   N/A | 100.0 |  94.5
               +-------+-------+-------+-------+-------+----------------------

Table legend: (Time is in decaauts)
 A = Elapsed time spent in this place.
 B = Non-inter-level travel time spent in this place.
 C = Inter-level travel time spent in this place.
 D = Time resting spent in this place.
 E = Time spent auto-exploring this place.
 F = Levels seen in this place.
 G = Mean time per level.
                   A        B        C        D        E       F      G
               +--------+--------+--------+--------+--------+-----+--------+
         Total |    141 |    141 |      0 |      0 |     77 |   2 |   70.5 |
         Abyss |    141 |    141 |      0 |      0 |     77 |   2 |   70.5 |
               +--------+--------+--------+--------+--------+-----+--------+

Top non-repeatable levels by time:
 Abyss:1: 89 daAuts
 Abyss:2: 51 daAuts
